 Dungeon Crawl Stone Soup version 0.28-a0-1504-g839a4452db (webtiles) character file.

Game seed: 7829870320960938931

13804 Essalna the Geomancer (level 12, -4/75 HPs)
             Began as a Gargoyle Earth Elementalist on Jan 13, 2022.
             Was a Priest of Vehumet.
             Slain by a spectral orc knight (6 damage)
             ... summoned by Nergalle
             ... on level 1 of the Lair of Beasts.
             The game lasted 00:26:25 (13800 turns).

Essalna the Geomancer (GrEE)                       Turns: 13800, Time: 00:26:25

Health: -4/75      AC: 18    Str: 13    XL:     12   Next: 9%
Magic:  7/25       EV: 13    Int: 20    God:    Vehumet [***...]
Gold:   336        SH:  4    Dex: 10    Spells: 25/29 levels left

rFire   + . .      SeeInvis .   n - +1 spear (vorpal)
rCold   + . .      Faith    .   Q - +0 buckler
rNeg    + . .      Spirit   .   k - +2 robe {Archmagi}
rPois   ∞          Reflect  .   t - +1 helmet
rElec   +          Harm     .   U - +0 cloak of Kuneh {Rampage Regen+}
rCorr   .          Rampage  +   (no gloves)
Will    .....      Archmagi +   h - +0 pair of boots
Stlth   ++........              P - amulet of magic regeneration
HPRegen 1.02/turn               z - ring of protection from cold
MPRegen 0.59/turn               M - ring of protection from fire

@: about to teleport
A: sickness immunity, AC +8, negative energy resistance 1, electricity
resistance, torment resistance 1, petrification resistance
a: Renounce Religion


You were on level 1 of the Lair of Beasts.
You worshipped Vehumet.
Vehumet was most pleased with you.
You visited 3 branches of the dungeon, and saw 13 of its levels.
You also visited: Bailey.

You collected 726 gold pieces.
You spent 390 gold pieces at shops.

Inventory:

Hand Weapons
 d - a +0 dagger
 n - a +1 vorpal spear (weapon)
 o - a +0 hand axe of flaming
Missiles
 c - 225 stones
Armour
 b - a +0 robe
 h - a +0 pair of boots (worn)
 k - a +2 robe of the Archmagi (worn)
 t - a +1 helmet (worn)
 Q - a +0 buckler (worn)
 T - a +1 robe of cold resistance
 U - the +0 cloak of Kuneh (worn) {Rampage Regen+}
   (You found it on level 1 of the Lair of Beasts)

   Regen:     It increases your rate of health regeneration.
   Rampage:   It bestows one free step when moving towards enemies.
Jewellery
 g - an amulet of faith
 z - a ring of protection from cold (left hand)
 M - a ring of protection from fire (right hand)
 P - an amulet of magic regeneration (around neck)
 R - an amulet of reflection
Wands
 j - a wand of polymorph (7)
 s - a wand of paralysis (12)
 v - a wand of charming (9)
 w - a wand of acid (2)
 y - a wand of digging (7)
 G - a wand of mindburst (17)
 O - a wand of flame (18)
Scrolls
 a - 7 scrolls of identify
 e - 8 scrolls of vulnerability
 l - 4 scrolls of enchant armour
 p - 2 scrolls of teleportation
 x - a scroll of enchant weapon
 B - a scroll of blinking {unknown}
 C - 2 scrolls of fear
 F - 2 scrolls of magic mapping
 J - a scroll of torment {unknown}
 L - a scroll of summoning {unknown}
 N - a scroll of immolation {unknown}
Potions
 f - 2 potions of lignification
 i - a potion of resistance {unknown}
 m - 5 potions of curing {unknown}
 q - 4 potions of degeneration {unknown}
 r - 3 potions of might
 u - 3 potions of mutation {unknown}
 A - a potion of haste {unknown}
 D - a potion of brilliance {unknown}
 E - a potion of cancellation {unknown}
 H - 4 potions of magic {unknown}
 I - a potion of berserk rage {unknown}
 K - 3 potions of heal wounds {unknown}
 S - 2 potions of flight {unknown}


   Skills:
 + Level 8.9 Fighting
 - Level 7.0 Armour
 - Level 6.0 Dodging
 - Level 2.1 Stealth
 + Level 3.5 Shields
 + Level 9.3 Spellcasting
 - Level 3.0 Conjurations
 - Level 0.7 Transmutations
 + Level 12.2 Earth Magic


You had 25 spell levels left.
You knew the following spells:

 Your Spells              Type           Power      Damage    Failure   Level
a - Sandblast             Erth           100%       2d20      1%          1
b - Stone Arrow           Conj/Erth      100%       3d13      1%          3

Your spell library contained the following spells:

 Spells                   Type           Power      Damage    Failure   Level
 Searing Ray              Conj           64%        2d6       1%          2
 Passwall                 Tmut/Erth      43%        N/A       1%          2
 Conjure Flame            Conj/Fire      23%        6-21      4%          3
 Ignite Poison            Fire/Tmut/Pois 15%        N/A       7%          3
 Petrify                  Tmut/Erth      52%        N/A       7%          4
 Frozen Ramparts          Ice            28%        1d4       8%          3
 Inner Flame              Hex/Fire       14%        N/A       8%          3
 Slow                     Hex            56%        N/A       10%         1
 Sticky Flame             Conj/Fire      23%        2d4       13%         4
 Confusing Touch          Hex            14%        N/A       28%         3
 Gell's Gravitas          Tloc           14%        N/A       28%         3
 Lesser Beckoning         Tloc           14%        N/A       28%         3
 Teleport Other           Tloc           14%        N/A       28%         3
 Vampiric Draining        Necr           14%        2d7       28%         3
 Ice Form                 Ice/Tmut       16%        N/A       63%         4
 Cause Fear               Hex            7%         N/A       67%         4
 Summon Ice Beast         Ice/Summ       14%        N/A       67%         4
 Dispersal                Tloc           7%         N/A       100%        6
 Discord                  Hex            7%         N/A       100%        8


Dungeon Overview and Level Annotations

Branches:
Dungeon (11/15)            Temple (1/1) D:5            Lair (1/6) D:11
    Orc (0/2) D:9          Bailey (visited)

Altars:
Dithmenos
Elyvilon
Fedhas
Kikubaaqudgha
Makhleb
Okawaru
Sif Muna
Trog
Uskayaw
Vehumet
Wu Jian
Xom
Yredelemnul
The Shining One

Shops:
D:1 !   D:2 ?   D:6 :   D:9 ?(**   D:10 *

Annotations:
Lair:1 Nergalle


Innate Abilities, Weirdness & Mutations

You are immune to sickness and miasma.
Your stone body is resilient. (AC +8)
You are immune to poison.
You resist negative energy. (rN+)
You are resistant to electric shocks. (rElec)
You are resistant to unholy torment.
You are immune to petrification.


Message History

The spectral orc warrior closely misses you.
The spectral orc hits you but does no damage.
The spectral orc knight barely misses you.
Nergalle hits you but does no damage.
Unknown command.
Unknown command.
You rampage towards the spectral orc knight!
You hit the spectral orc knight but do no damage.
The spectral orc knight is lightly damaged.
The spectral orc knight barely misses you.
Nergalle hits you with a +0 dagger.
* * * LOW HITPOINT WARNING * * *
The spectral orc warrior hits the plant with a +0 mace!
The plant begins to die.
The spectral orc knight misses you.
Nergalle gestures at you while chanting.
Orcish apparitions take form around you.
The spectral orc knight barely misses you.
The spectral orc warrior hits the plant with a +0 mace!
The spectral orc knight barely misses you.
Nergalle hits the plant with a +0 dagger!
The spectral orc warrior misses you.
You block the spectral orc knight's attack.
Nergalle hits the plant with a +0 dagger.
The spectral orc knight hits you but does no damage.
The spectral orc warrior hits you with a +0 scimitar!
* * * LOW HITPOINT WARNING * * *
The spectral orc completely misses you.
The spectral orc warrior hits the plant with a +0 mace!
The spectral orc knight hits you with a +0 battleaxe.
* * * LOW HITPOINT WARNING * * *
Okay, then.
As you read the scroll of teleportation, it crumbles to dust.
You feel strangely unstable.
A nearby plant withers and dies.
You block the spectral orc knight's attack.
The spectral orc knight hits you from afar with a +2 glaive.
* * * LOW HITPOINT WARNING * * *
The spectral orc warrior barely misses you.
The spectral orc closely misses you.
The spectral orc knight hits you with a +0 battleaxe.
You die...

#P......... ............
............ #..........#
#.......#..# .
#..........#
...#######...#...#..#.
........Z..ZZ.........
..........@ZZZo..........
.....#####..#Z#.........#
..... ######........##
..... ##### #.......##
.....####.#.#####....###.
.........................
.........................
♣≈≈###..##..###..........
≈♣♣P##..#####.#..........


You could see Nergalle, a spectral orc (summoned), 3 spectral orc warriors and 3
spectral orc knights.

Vanquished Creatures
  Fannar (Lair:1)
  2 vault guards (Bailey)
  2 two-headed ogres
  A deep elf pyromancer (D:9)
  A cyclops (D:8)
  A cane toad (Lair:1)
  A yaktaur (shapeshifter) (D:9)
  2 komodo dragons
  Prince Ribbit (Bailey)
  A shadow (D:10)
  A wraith (D:10)
  Sigmund (D:4)
  10 yaks
  6 humans (Bailey)
  A vampire mosquito (D:9)
  3 wyverns
  A steam dragon (D:7)
  Menkaure (D:6)
  3 acid dragons
  2 water moccasins
  6 orc warriors
  4 ice beasts
  2 sky beasts
  A necrophage (D:6)
  2 black bears
  2 ogres
  6 wolves (Lair:1)
  4 centaurs
  A kobold brigand (D:8)
  9 bullfrogs
  2 wyvern zombies (D:6)
  A scorpion (D:3)
  14 killer bees
  2 howler monkeys
  2 jellies
  A gnoll shaman (D:7)
  2 hounds
  2 orc priests (D:9)
  A centaur skeleton (D:5)
  3 iguanas
  Jessica (D:2)
  Terence (D:2)
  10 orc wizards
  A scorpion zombie (D:5)
  A centaur simulacrum (D:9)
  A hound skeleton (D:5)
  2 gnolls (Bailey)
  7 adders
  4 white imps
  2 worms
  2 dart slugs
  24 orcs
  A bat zombie (D:5)
  5 endoplasms
  2 giant cockroaches
  11 goblins
  10 hobgoblins
  3 jackals (D:3)
  3 quokkas
  9 ball pythons
  7 bats
  3 frilled lizards
  11 kobolds
  4 rats
  2 rat zombies (D:5)
  A butterfly (Lair:1)
237 creatures vanquished.

Vanquished Creatures (others)
  4 plants
4 creatures vanquished.

Grand Total: 241 creatures vanquished

Notes
Turn   | Place    | Note
-------+----------+-------------------------------------------
     0 | D:1      | Essalna the Gargoyle Earth Elementalist began the quest for
                  | the Orb.
     0 | D:1      | Reached XP level 1. HP: 10/10 MP: 3/3
   251 | D:1      | Reached skill level 4 in Earth Magic
   251 | D:1      | Reached XP level 2. HP: 15/15 MP: 3/5
   904 | D:1      | Found a faded altar of an unknown god.
   933 | D:1      | Found Horphau's Distillery.
   939 | D:1      | Reached XP level 3. HP: 19/19 MP: 6/6
   943 | D:1      | Learned a level 3 spell: Stone Arrow
  1905 | D:2      | Found Feiraul's Magic Scroll Boutique.
  1924 | D:2      | Noticed Terence
  1933 | D:2      | Killed Terence
  1934 | D:2      | Reached skill level 1 in Conjurations
  1934 | D:2      | Reached XP level 4. HP: 21/24 MP: 2/8
  1965 | D:2      | HP: 1/24 [ball python (1)]
  2845 | D:2      | Noticed Jessica
  2853 | D:2      | Killed Jessica
  3615 | D:3      | Reached skill level 5 in Earth Magic
  3882 | D:3      | Reached XP level 5. HP: 18/28 MP: 9/9
  4525 | D:4      | Noticed Sigmund
  4762 | D:4      | Killed Sigmund
  4763 | D:4      | Reached skill level 6 in Earth Magic
  4763 | D:4      | Reached XP level 6. HP: 32/32 MP: 6/12
  5408 | D:5      | Entered Level 5 of the Dungeon
  5442 | D:5      | Noticed a black bear
  5445 | D:5      | Killed a black bear
  5446 | D:5      | Reached XP level 7. HP: 36/36 MP: 9/13
  5627 | D:5      | Reached skill level 5 in Spellcasting
  5627 | D:5      | Reached skill level 7 in Earth Magic
  5842 | D:5      | Found an ornate altar of the Wu Jian Council.
  5948 | D:5      | Found a staircase to the Ecumenical Temple.
  5955 | Temple   | Entered the Ecumenical Temple
  5994 | Temple   | Became a worshipper of Vehumet
  6267 | D:5      | Found an ancient bone altar of Kikubaaqudgha.
  6736 | D:6      | Noticed Menkaure
  6740 | D:6      | Killed Menkaure
  6741 | D:6      | Reached skill level 1 in Fighting
  6741 | D:6      | Reached skill level 1 in Armour
  6741 | D:6      | Reached XP level 8. HP: 43/43 MP: 9/16
  7012 | D:6      | Reached skill level 8 in Earth Magic
  7253 | D:7      | Reached XP level 9. HP: 33/51 MP: 2/18
  7400 | D:6      | Found Udwiseb's Book Emporium.
  7742 | D:6      | Reached * piety under Vehumet
  7742 | D:6      | Offered knowledge of Freeze by Vehumet.
  8221 | D:6      | Reached skill level 9 in Earth Magic
  9300 | D:8      | Noticed a two-headed ogre
  9314 | D:8      | Killed a two-headed ogre
  9315 | D:8      | Reached skill level 5 in Fighting
  9315 | D:8      | Reached skill level 5 in Armour
  9315 | D:8      | Reached XP level 10. HP: 59/59 MP: 11/20
  9651 | D:8      | Reached skill level 10 in Earth Magic
  9659 | D:8      | Noticed a cyclops
  9662 | D:8      | Killed a cyclops
 10217 | D:9      | Reached skill level 5 in Dodging
 10341 | D:9      | Noticed a deep elf pyromancer
 10494 | D:9      | Found a hide-covered altar of Uskayaw.
 10585 | D:9      | Noticed a two-headed ogre
 10594 | D:9      | Killed a two-headed ogre
 10594 | D:9      | Reached ** piety under Vehumet
 10594 | D:9      | Offered knowledge of Poisonous Vapours by Vehumet.
 10659 | D:9      | Reached XP level 11. HP: 39/66 MP: 11/22
 10934 | D:9      | Found a staircase to the Orcish Mines.
 11209 | D:9      | Killed a deep elf pyromancer
 11287 | D:9      | Found Uwumur's General Store.
 11288 | D:9      | Found Zeuguog's Antique Weapon Emporium.
 11297 | D:9      | Found Tuagasod's General Store.
 11298 | D:9      | Found Foehej's Magic Scroll Emporium.
 11317 | D:9      | Bought an amulet of magic regeneration for 390 gold pieces
 11435 | D:10     | Entered Level 10 of the Dungeon
 11537 | D:10     | Found Esuarymu's Island Escapes.
 11588 | D:10     | Found a flagged portal.
 11594 | Bailey   | Entered a bailey
 11630 | Bailey   | Reached skill level 11 in Earth Magic
 11951 | Bailey   | Noticed Prince Ribbit
 11958 | Bailey   | Killed Prince Ribbit
 12001 | Bailey   | Noticed a vault guard
 12105 | Bailey   | Killed a vault guard
 12105 | Bailey   | Offered knowledge of Searing Ray by Vehumet.
 12150 | Bailey   | Noticed a vault guard
 12156 | Bailey   | Killed a vault guard
 12412 | D:10     | Reached skill level 1 in Shields
 12700 | D:10     | Found an iron altar of Okawaru.
 13076 | D:11     | Found a staircase to the Lair.
 13084 | Lair:1   | Entered Level 1 of the Lair of Beasts
 13118 | Lair:1   | Noticed Fannar
 13165 | D:11     | Reached skill level 12 in Earth Magic
 13481 | Lair:1   | Killed Fannar
 13481 | Lair:1   | Reached *** piety under Vehumet
 13482 | Lair:1   | Reached XP level 12. HP: 65/75 MP: 19/25
 13590 | Lair:1   | Identified the +0 cloak of Kuneh {Rampage Regen+}
 13775 | Lair:1   | Noticed Nergalle
 13799 | Lair:1   | HP: 1/75 [spectral orc knight[Nergalle] (6)]
 13800 | Lair:1   | Slain by a spectral orc knight

Illustrated notes

Levels and vault maps discovered:
D:1:      dpeg_arrival_connections, layout_basic,
          hellmonk_ecumenical_altar_pennies_from_heaven, serial_shops,
          nicolae_shop_stone, roderic_serpentine_path
D:2:      layout_loops_corners, serial_forest, infiniplex_forest_lined_2,
          infiniplex_forest_clump_small, infiniplex_forest_zigzag_1,
          infiniplex_forest_zigzag_1, infiniplex_forest_lined_ring,
          infiniplex_forest_end_2, infiniplex_forest_straight_2, serial_shops,
          nicolae_shop_advertising_works [nicolae_subvault_shop_adworks],
          minmay_fractal_squares_5, uniq_jessica, uniq_terence
D:3:      layout_loops_corners
D:4:      layout_rooms, uniq_sigmund
D:5:      layout_basic, mainiacjoe_overflow_brackets,
          lemuel_zombie_altar_kikubaaqudgha, minmay_temple_entry_slanted,
          serial_curves, eino_curves_01, eino_curves_03, kennysheep_crisscross
D:6:      layout_basic, serial_shops, shop, uniq_menkaure
D:7:      layout_loops_cross, minmay_checkerbox
D:8:      layout_basic
D:9:      minmay_curly_fans, layout_basic,
          nicolae_uskayaw_murder_on_the_dancefloor, david_orc_4,
          minmay_shop_grid_forest
D:10:     layout_stronghold, mainiacjoe_overflow_catwalk, enter_bailey_3,
          nrook_mini_backslash, nicolae_island_escapes
D:11:     layout_basic, lair_entry_dummy, serial_shops, shop, uniq_erolcha
Temple:   regret_index_temple_mists
Lair:1:   layout_long_grid, small_statue_intersection,
          chequers_serial_rivers_micro_d, serial_bayou_pond_d,
          lemuel_fruit_fields, infiniplex_staircase_pool, uniq_fannar,
          uniq_nergalle

Skill      XL: |  1  2  3  4  5  6  7  8  9 10 11 |
---------------+----------------------------------+-----
Earth Magic    | 4 5 6 7 8 9 10 12 | 12.2
Conjurations   | 1 2 3 |  3.0
Spellcasting   | 3 4 5 6 7 9 |  9.3
Fighting       | 1 3 5 6 8 |  8.9
Armour         | 1 3 5 6 7 |  7.0
Dodging        | 2 3 4 5 6 |  6.0
Shields        | 3 |  3.5
Stealth        | |  2.1
Transmutations | |  0.7

Action                   |  1- 3 |  4- 6 |  7- 9 | 10-12 || total
-------------------------+-------+-------+-------+-------++-------
Melee: Dagger            |    57 |   108 |       |       ||   165
       Spear             |       |    97 |    64 |   122 ||   283
       Unarmed           |       |     2 |       |       ||     2
       Punch             |       |     4 |       |     2 ||     6
 Cast: Sandblast         |    25 |    21 |    23 |    55 ||   124
       Stone Arrow       |       |     2 |    76 |   173 ||   251
Evoke: Wand              |       |       |       |     5 ||     5
  Use: Scroll            |       |       |       |    10 ||    10
 Stab: Sleeping          |     3 |     8 |     2 |       ||    13
Armor: Robe              |    21 |    88 |    59 |   125 ||   293
Dodge: Dodged            |    44 |   113 |    50 |   176 ||   383
Block: Buckler           |       |       |       |    23 ||    23

Table legend: (Time is in decaauts)
 A = Elapsed time spent in this place.
 B = Non-inter-level travel time spent in this place.
 C = Inter-level travel time spent in this place.
 D = Time resting spent in this place.
 E = Time spent auto-exploring this place.
 F = Levels seen in this place.
 G = Mean time per level.
                   A        B        C        D        E       F      G
               +--------+--------+--------+--------+--------+-----+--------+
         Total |  13863 |  13323 |    540 |    446 |  10849 |  14 |  990.2 |
       Dungeon |  12769 |  12263 |    506 |    446 |  10159 |  11 | 1160.8 |
        Temple |     79 |     45 |     34 |      0 |     33 |   1 |   79.0 |
          Lair |    414 |    414 |      0 |      0 |    244 |   1 |  414.0 |
        Bailey |    600 |    600 |      0 |      0 |    412 |   1 |  600.0 |
               +--------+--------+--------+--------+--------+-----+--------+

Top non-repeatable levels by time:
     D:1: 1921 daAuts
     D:2: 1692 daAuts
     D:9: 1319 daAuts
     D:6: 1254 daAuts
     D:7: 1244 daAuts
     D:5: 1242 daAuts
     D:3: 1126 daAuts
    D:10: 1046 daAuts
     D:8: 924 daAuts
     D:4: 680 daAuts
  Bailey: 600 daAuts
  Lair:1: 414 daAuts
    D:11: 316 daAuts
  Temple: 79 daAuts
